 Dungeon Crawl Stone Soup version 0.32-a0-468-g38b2580584 (console) character file.

Game seed: 17559609575671613087

4252 miri the Fighter (level 10, -5/80 HPs)
             Began as a Human Wanderer on Feb 25, 2024.
             Was a Follower of Fedhas.
             Slain by a vault guard
             ... wielding a +0 broad axe
              (27 damage)
             ... in a bailey.
             The game lasted 00:25:28 (10366 turns).

miri the Fighter (Human Wanderer)                  Turns: 10366, Time: 00:25:29

Health: -5/80      AC:  4    Str: 16    XL:     10   Next: 31%
Magic:  17/19      EV: 17    Int: 15    God:    Fedhas [*.....]
Gold:   398        SH:  0    Dex: 23    Spells: 14/21 levels left

rFire   . . .        x - +2 dire flail (protect)
rCold   . . .        (shield currently unavailable)
rNeg    . . .        d - +0 robe
rPois   .            (no helmet)
rElec   .            (no cloak)
rCorr   .            b - +0 pair of gloves {hurl}
SInv    .            v - +0 pair of boots
Will    .....        (no amulet)
Stlth   ++           s - +6 ring of strength
HPRegen 0.33/turn    t - +6 ring of dexterity
MPRegen 0.16/turn

%: no passive effects
@: freezing walls
A: explore regen
a: Renounce Religion


You were in a bailey.
You worshipped Fedhas.
Fedhas was aware of your devotion.
You visited 2 branches of the dungeon, and saw 9 of its levels.
You also visited: Bailey.

You collected 476 gold pieces.
You spent 78 gold pieces at shops.

Inventory:

Hand Weapons
 x - a +2 dire flail of protection (weapon)
Missiles
 o - 12 poisoned darts (quivered)
 A - 7 boomerangs
Armour
 b - a +0 pair of gloves of hurling (worn)
 d - a +0 robe (worn)
 v - a +0 pair of boots (worn)
Jewellery
 s - a +6 ring of strength (left hand)
 t - a +6 ring of dexterity (right hand)
Wands
 z - a wand of digging (7)
Scrolls
 c - a scroll of silence
 e - 2 scrolls of fog
 g - 4 scrolls of teleportation
 j - 3 scrolls of fear
 k - 2 scrolls of revelation {unknown}
 n - a scroll of noise {unknown}
 r - 2 scrolls of amnesia
 u - a scroll of enchant armour
 y - 2 scrolls of brand weapon {unknown}
Potions
 a - 2 potions of curing
 h - 2 potions of haste
 l - 2 potions of heal wounds
 w - 2 potions of mutation


   Skills:
 + Level 8.2 Fighting
 - Level 2.0 Throwing
 - Level 7.0 Dodging
 - Level 6.0 Spellcasting
 - Level 4.0 Conjurations
 - Level 3.0 Necromancy
 - Level 5.0 Ice Magic
 - Level 4.0 Invocations
 - Level 2.0 Evocations


You had 14 spell levels left.
You knew the following spells:

 Your Spells              Type           Power      Damage    Failure   Level
a - Kiss of Death         Conj/Necr      60%        2d10      3%          1
b - Frozen Ramparts       Ice            38%        1d6       5%          3
c - Hailstorm             Conj/Ice       18%        3d7       7%          3

Your spell library contained the following spells:

 Spells                   Type           Power      Damage    Failure   Level
 Freeze                   Ice            76%        1d8       1%          1
 Ensorcelled Hibernation  Hex/Ice        24%        N/A       8%          2
 Fugue of the Fallen      Necr           13%        N/A       13%         3
 Dispel Undead            Necr           13%        3d9       38%         4
 Anguish                  Hex/Necr       4%         N/A       61%         4


Dungeon Overview and Level Annotations

Branches:
Dungeon (8/15)             Temple (1/1) D:6          Bailey (1/1)
   Lair: D:8-11

Altars:
Ashenzari
Cheibriados
Dithmenos
Elyvilon
Fedhas
Gozag
Hepliaklqana
Kikubaaqudgha
Makhleb
Nemelex Xobeh
Okawaru
Qazlal
Ru
Sif Muna
Trog
Uskayaw
Vehumet
Wu Jian
Xom
Yredelemnul
Zin
The Shining One

Shops:
D:3 ?=:*

Annotations:
D:1 1 transporter
D:4 1 runed translucent door, CougarLife's ghost, amateur GrEE
D:7 Jeremiah


Innate Abilities, Weirdness & Mutations

You regain HP and MP as you explore.


Message History

The vault guard is severely wounded.
The vault guard hits you with a +0 broad axe! x2
* * * LOW HITPOINT WARNING * * *
You closely miss the vault guard.
The vault guard is severely wounded.
The vault guard hits you with a +0 broad axe.
* * * LOW HITPOINT WARNING * * *
Casting: Frozen Ramparts (mildly dangerous; 5% risk of failure)
Confirm with . or Enter, or press ? or * to list all spells.
Casting: Frozen Ramparts (mildly dangerous; 5% risk of failure)
Press: ? - help, Dir - look around, f - activate The walls around you are covered in ice.
The wall freezes the vault guard but does no damage.
The vault guard hits you with a +0 broad axe.
* * * LOW HITPOINT WARNING * * *
You barely miss the vault guard.
The vault guard is severely wounded.
The wall freezes the vault guard.
The vault guard hits you with a +0 broad axe.
* * * LOW HITPOINT WARNING * * *
You closely miss the vault guard.
The vault guard is severely wounded.
The wall freezes the vault guard.
The vault guard hits you with a +0 broad axe!
* * * LOW HITPOINT WARNING * * *
The wall freezes the vault guard.
The vault guard hits you but does no damage.
You feel much better.
You feel less wooden.
Your +0 pair of gloves of hurling unmelds from your body.
Your +0 pair of boots unmelds from your body.
Your +0 robe unmelds from your body.
You feel that your aim is more steady.
The wall freezes the vault guard but does no damage.
The vault guard closely misses you.
You closely miss the vault guard.
The vault guard is almost dead.
The wall freezes the vault guard.
The vault guard hits you with a +0 broad axe!!
You die...
Fedhas appreciates your contribution to the ecosystem.

#.....# #.∩.∩.#
######.....#
##....##..÷####
##......#)#'#~~##
#....#..))#~~~~~#
#..####.).#~~~~~#
#.....#...#~~~~~#
#.÷@..#...##~~~##
###p###..####'###
#≈~÷.≈#..'))....#
#≈~..≈####).....#
####≈~(≈##≈##.....#
#~.?#≈(.~≈≈~≈#....##
~..!#≈~..~~~≈##..##
##~..##≈~...~~~≈#.##
#~.p #≈~~...~~~≈###


You could see a vault guard.

Vanquished Creatures
  A vault guard (Bailey)
  Prince Ribbit (Bailey)
  Sigmund (D:4)
  A steam dragon (D:8)
  4 humans (Bailey)
  Edmund (D:4)
  2 water moccasins
  2 ice beasts
  An ogre (D:7)
  A sky beast (D:7)
  A phantom (D:6)
  Blork the orc (D:5)
  9 bullfrogs
  4 scorpions
  A howler monkey (D:6)
  4 bombardier beetles
  7 hounds
  2 jellies
  3 orc priests
  3 iguanas
  2 sleepcaps (D:4)
  6 orc wizards
  2 gnolls
  8 adders
  A shadow imp (D:6)
  A white imp (D:7)
  4 dart slugs
  16 orcs
  4 ball pythons
  6 endoplasms
  3 giant cockroaches
  16 goblins
  3 hobgoblins (Bailey)
  2 quokkas
  6 bats
  5 frilled lizards
  8 kobolds
  3 rats
146 creatures vanquished.

Vanquished Creatures (others)
  2 sleepcaps (D:7)
2 creatures vanquished.

Grand Total: 148 creatures vanquished

Notes
Turn   | Place    | Note
-------+----------+-------------------------------------------
     0 | D:1      | miri the Human Wanderer began the quest for the Orb.
     0 | D:1      | miri set off with the following items: a +0 dagger, a wand
                  | of flame (3), a scroll of silence, a +0 robe, a scroll of
                  | fog; and the following spell memorised: Kiss of Death; and
                  | the following spells available to memorise: Fugue of the
                  | Fallen, Dispel Undead.
     0 | D:1      | Reached XP level 1. HP: 16/16 MP: 3/3
   249 | D:1      | Reached skill level 1 in Conjurations
   366 | D:1      | Reached XP level 2. HP: 18/22 MP: 5/5
  1064 | D:1      | Reached XP level 3. HP: 18/27 MP: 6/6
  1298 | D:1      | Reached skill level 3 in Fighting
  1298 | D:1      | Reached XP level 4. HP: 11/31 MP: 5/7
  1764 | D:2      | Reached skill level 4 in Fighting
  2225 | D:3      | Found Uviplomu's Book Boutique.
  2325 | D:3      | Found Cuat's General Store.
  2526 | D:3      | Reached skill level 1 in Throwing
  2526 | D:3      | Reached XP level 5. HP: 29/37 MP: 6/8
  2564 | D:3      | Bought 2 potions of lignification for 78 gold pieces
  2923 | D:3      | Found Leesupne's Jewellery Boutique.
  3942 | D:3      | Found Opoisax's Magic Scroll Emporium.
  4017 | D:4      | Found a runed translucent door.
  4094 | D:3      | Reached XP level 6. HP: 25/40 MP: 9/11
  4310 | D:4      | Noticed CougarLife's ghost (amateur GrEE)
  4327 | D:4      | Learned a level 3 spell: Frozen Ramparts
  4388 | D:4      | Noticed Edmund
  4431 | D:4      | Killed Edmund
  4432 | D:4      | Reached XP level 7. HP: 40/50 MP: 13/13
  4884 | D:4      | Noticed Sigmund
  4910 | D:4      | Killed Sigmund
  5005 | D:4      | Reached skill level 5 in Spellcasting
  5014 | D:4      | Learned a level 3 spell: Hailstorm
  5449 | D:5      | Entered Level 5 of the Dungeon
  5599 | D:5      | Found a sparkling altar of Nemelex Xobeh.
  6064 | D:5      | Reached XP level 8. HP: 57/59 MP: 12/16
  6191 | D:5      | Noticed Blork the orc
  6208 | D:5      | Killed Blork the orc
  6209 | D:5      | Reached skill level 1 in Dodging
  6911 | D:5      | Reached skill level 5 in Ice Magic
  7276 | D:6      | Found a staircase to the Ecumenical Temple.
  7444 | D:5      | Reached skill level 5 in Fighting
  7555 | Temple   | Entered the Ecumenical Temple
  7600 | Temple   | Became a worshipper of Fedhas Madash
  7959 | D:7      | Reached XP level 9. HP: 57/68 MP: 14/18
  8030 | D:7      | Noticed Jeremiah
  8750 | D:7      | Reached skill level 6 in Fighting
  9423 | D:8      | Found a flagged portal.
  9434 | D:8      | Reached * piety under Fedhas
  9443 | Bailey   | Entered a bailey
  9458 | Bailey   | Reached skill level 7 in Fighting
  9545 | Bailey   | Reached skill level 5 in Dodging
  9614 | Bailey   | Reached skill level 8 in Fighting
  9614 | Bailey   | Reached XP level 10. HP: 48/80 MP: 5/19
  9832 | Bailey   | Noticed Prince Ribbit
  9833 | Bailey   | Noticed a vault guard
  9866 | Bailey   | Killed Prince Ribbit
  9967 | Bailey   | Killed a vault guard
 10163 | Bailey   | Noticed a vault guard
 10366 | Bailey   | Slain by a vault guard

Illustrated notes

Levels and vault maps discovered:
D:1:      spicycebolla_arrival_transporter_tutorial, layout_loops_corners
D:2:      layout_basic, minmay_octomino_c4
D:3:      layout_basic, serial_shops, nicolae_shop_rolled_up,
          nicolae_shop_behind_doors, shop, nicolae_shop_real_fake_doors,
          nicolae_concentric_dashed_squares_wild, minmay_misc_feat_more_columns
D:4:      layout_rooms, ebering_ghost_sewer_d, uniq_edmund, uniq_sigmund
D:5:      layout_gridville, nemelex_diamond_rough_becter, uniq_blork_the_orc
D:6:      layout_cave_pools, minmay_temple_entry_mist
D:7:      layout_basic, kennysheep_cluttered_room, nicolae_tricolors,
          uniq_jeremiah
D:8:      layout_rooms, enter_bailey_5, kb_rosetta
Temple:   grunt_wide_crystal_templ
Bailey:   bailey_axe_froggy_fort_hellmonk, bailey

Skill      XL: |  1  2  3  4  5  6  7  8  9 10 |
---------------+-------------------------------+-----
Conjurations   | 1 2 4 |  4.0
Fighting       | 3 4 5 8 |  8.2
Throwing       | 1 2 |  2.0
Spellcasting   | 3 4 5 6 |  6.0
Ice Magic      | 2 4 5 |  5.0
Dodging        | 3 5 7 |  7.0
Invocations    | 4 |  4.0
Necromancy     | |  3.0
Evocations     | |  2.0

Action                     |  1- 3 |  4- 6 |  7- 9 | 10-12 || total
---------------------------+-------+-------+-------+-------++-------
  Melee: Dagger            |   100 |       |       |       ||   100
         Short sword       |    15 |   219 |    79 |       ||   313
         Dire flail        |       |       |   160 |    54 ||   214
  Throw: Dart              |       |    19 |    12 |    17 ||    48
   Cast: Kiss of Death     |     4 |     5 |     2 |       ||    11
         Frozen Ramparts   |       |       |    43 |     6 ||    49
         Hailstorm         |       |       |     9 |     1 ||    10
  Evoke: Wand              |     1 |     3 |     1 |     2 ||     7
    Use: Scroll            |       |     3 |     2 |     4 ||     9
         Potion            |       |     2 |     1 |     4 ||     7
   Stab: Sleeping          |       |     1 |     1 |       ||     2
 Armour: Robe              |    80 |   144 |   155 |    15 ||   394
         Skin              |       |     5 |       |    38 ||    43
  Dodge: Dodged            |    72 |   123 |   164 |    34 ||   393

Table legend: (Time is in decaauts)
 A = Elapsed time spent in this place.
 B = Non-inter-level travel time spent in this place.
 C = Inter-level travel time spent in this place.
 D = Time resting spent in this place.
 E = Time spent auto-exploring this place.
 F = Levels seen in this place.
 G = Mean time per level.
                   A        B        C        D        E       F      G
               +--------+--------+--------+--------+--------+-----+--------+
         Total |  10432 |   9748 |    684 |   2326 |   5248 |  10 | 1043.2 |
       Dungeon |   9428 |   8756 |    672 |   1973 |   4977 |   8 | 1178.5 |
        Temple |     53 |     42 |     11 |      0 |      0 |   1 |   53.0 |
        Bailey |    950 |    950 |      0 |    352 |    271 |   1 |  950.0 |
               +--------+--------+--------+--------+--------+-----+--------+

Top non-repeatable levels by time:
     D:3: 1824 daAuts
     D:5: 1543 daAuts
     D:4: 1451 daAuts
     D:7: 1392 daAuts
     D:1: 1326 daAuts
     D:2: 1069 daAuts
  Bailey: 950 daAuts
     D:6: 724 daAuts
     D:8: 96 daAuts
  Temple: 53 daAuts
